 Dungeon Crawl Stone Soup version 0.17.1-2-g5865329 (webtiles) character file.

104 Lonerover the Caller (level 4, 0/21 HPs)
             Began as a Vine Stalker Summoner on Jan 29, 2016.
             Slain by an orc priest
             ... wielding a +0 mace
              (2 damage)
             ... on level 3 of the Dungeon on Feb 1, 2016.
             The game lasted 00:18:03 (1794 turns).

Lonerover the Caller (Vine Stalker Summoner)        Turns: 1794, Time: 00:18:04

Health: 0/21       AC:  7    Str: 11    XL:     4   Next: 80%
Magic:  0/9        EV: 12    Int: 16    God:
Gold:   148        SH:  0    Dex: 14    Spells: 1 memorised, 8 levels left

rFire  . . .     SeeInvis .     f - +0 spear
rCold  . . .     Clarity  .     y - +0 robe
rNeg   . . .     SustAt   .     (no shield)
rPois  .         Gourm    .     l - +2 hat
rElec  .         Spirit   +     (no cloak)
rCorr  .         Warding  .     (no gloves)
rMut   .         Stasis   .     (no boots)
MR     .....                    (no amulet)
Stlth  +++.......               (no ring)
                                p - +3 ring of protection

@: not resistant to hostile enchantments, fairly stealthy
A: fangs 2, regeneration 1, magic shield, antimagic bite, no device heal 3, rot
immunity
a: no special abilities


You were on level 3 of the Dungeon.
You were not hungry.

You visited 1 branch of the dungeon, and saw 3 of its levels.

You collected 148 gold pieces.

Inventory:

Hand Weapons
 f - a +0 spear (weapon)
Armour
 a - a +0 robe
 e - a +0 scale mail
 g - a +0 robe
 l - a +2 hat (worn)
 y - a +0 robe (worn)
 B - a +0 pair of gloves
Jewellery
 p - a +3 ring of protection (left hand)
Scrolls
 j - a scroll of teleportation {unknown}
 k - a scroll of enchant weapon {unknown}
 m - a scroll of enchant armour {unknown}
 n - 3 scrolls of remove curse {unknown}
 q - a scroll of random uselessness {unknown}
 v - a scroll of noise {unknown}
 w - a scroll of identify {unknown}
Potions
 d - a potion of mutation {unknown}
 h - a potion of heal wounds {unknown}
 i - a potion of degeneration {unknown}
 o - a potion of invisibility {unknown}
 r - a potion of cure mutation {unknown}
 s - a potion of magic {unknown}
 u - a potion of agility {unknown}
 x - a potion of curing {unknown}
Books
 b - a book of Callings

   Spells                             Type                      Level
   a - Summon Small Mammal            Summoning                    1
   b - Call Imp                       Summoning                    2
   c - Call Canine Familiar           Summoning                    3
   d - Summon Guardian Golem          Hexes/Summoning              3
   e - Summon Lightning Spire         Summoning/Air                4
   f - Summon Ice Beast               Ice/Summoning                4
 A - a book of the Earth

   Spells                             Type                      Level
   a - Leda's Liquefaction            Hexes/Earth                  4
   b - Bolt of Magma                  Conjuration/Fire/Earth       5
   c - Statue Form                    Transmutation/Earth          6
   d - Iron Shot                      Conjuration/Earth            6
   e - Shatter                        Earth                        9
Comestibles
 c - 2 bread rations
 t - a meat ration
 z - a chunk of flesh


   Skills:
 - Level 1.5 Dodging
 + Level 4.2 Stealth
 + Level 3.2 Spellcasting
 + Level 4.7 Summonings


You had 8 spell levels left.
You knew the following spells:

 Your Spells              Type           Power        Failure   Level  Hunger
a - Summon Small Mammal   Summ           ###.         2%          1    None


Dungeon Overview and Level Annotations

Branches:
Dungeon (3/15)

Altars:
Elyvilon


Innate Abilities, Weirdness & Mutations

You have extremely sharp teeth.
Your natural rate of healing is unusually fast.
When hurt, damage is shared between your health and your magic reserves.
Your bite disrupts and absorbs the magic of your enemies.
Potions and wands cannot restore your health.
You are immune to rotting.


Message History

You kill the orc!
The orc wizard barely misses you.
The orc wizard hits you but does no damage.
You hit the orc priest but do no damage.
The orc wizard falters for a moment.
The orc priest barely misses you.
You closely miss the orc priest.
The orc wizard hits you but does no damage. x2
The orc priest hits you with a mace.
* * * LOW HITPOINT WARNING * * *
You hit the orc priest.
The orc priest is moderately wounded.
The orc wizard hits you but does no damage.
The orc priest hits you with a mace.
* * * LOW HITPOINT WARNING * * *
The orc wizard hits you but does no damage.
You hit the orc priest. You bite the orc priest. You drain its power.
You feel invigorated.
The orc priest is heavily wounded.
The orc wizard falters for a moment.
The orc priest hits you with a mace!
You die...

... #.... .... ....... #.# #...#
#.. ... ....... #..###...###..#
.. ..... ...#.....#...#.
#.#...#### #.#...#.....#.
#.........
.####.....#.......###o#..#
............##..$.....##.#
####.<.#.#.###..##.o(.##.#
###..#.........o@##......#
#...#####.#....#o##......##
#...# #.#....#o.).o.##..#
###.#####.#....####..###..###
#.#......#.# ###...###....##
#..........###......##.....#
##.........#...#...........#..
#..................##.......#
####........>####.......†.......


You could see an orc priest, an orc wizard and an orc.

Vanquished Creatures
  A giant frog (D:2)
  A worm (D:2)
  2 orcs (D:3)
  2 bats (D:1)
  3 hobgoblins (D:2)
  2 giant cockroaches
  A giant newt (D:1)
  3 goblins
  3 kobolds
  4 rats
22 creatures vanquished.

Vanquished Creatures (collateral kills)
  3 adders (D:2)
  A worm (D:2)
  A giant gecko (D:2)
  An orc (D:3)
  2 bats
  A giant cockroach (D:1)
  2 hobgoblins (D:2)
  2 giant newts
  2 kobolds
  2 rats
17 creatures vanquished.

Grand Total: 39 creatures vanquished

Notes
Turn   | Place    | Note
--------------------------------------------------------------
     0 | D:1      | Lonerover the Vine Stalker Summoner began the quest for the Orb.
     0 | D:1      | Reached XP level 1. HP: 9/9 MP: 4/4
   375 | D:1      | Reached XP level 2. HP: 13/13 MP: 1/6
   996 | D:2      | Reached XP level 3. HP: 16/16 MP: 7/7
  1444 | D:2      | Noticed a giant frog
  1464 | D:2      | Killed a giant frog
  1464 | D:2      | Reached XP level 4. HP: 14/21 MP: 1/9
  1698 | D:3      | Found a white marble altar of Elyvilon.
  1783 | D:3      | HP: 1/21 [orc wizard/dagger (2)]
  1793 | D:3      | HP: 1/21 [orc priest/mace (1)]
  1794 | D:3      | Slain by an orc priest

Action                   |  1- 3 |  4- 6 || total
-------------------------+-------+-------++-------
Melee: Spear             |    58 |    26 ||    84
       Unarmed           |     6 |       ||     6
 Cast: Summon Small Mamm |    85 |    16 ||   101
 Stab: Sleeping          |     2 |     1 ||     3
  Eat: Chunk             |     3 |     1 ||     4
